cohdb
Replays
Latest Replays
All Replays
Popular Replays
Top Player Replays
Match Explorer
How It Works
Community
CoH3 Stats
Reddit
Sign in to upload your games and track your stats! →
Sign in with Steam
Match 45112301
Unlisted
Match 45112301
Overview
Messages
Build Orders
End
Pioneer Squad
Construct Infanterie Kompanie
Pioneer Squad
Construct Infanterie Kompanie
Grenadier Squad
Selects Mechanized Battlegroup
Infanterie Officer Quarters
Grenadier Squad
Grenadier Squad
Construct Panzergrenadier Kompanie
Selects Raid Package
Medical Bunker
Pak 40 Anti-tank Gun Team
Panzergrenadier Officer Quarters
Grenadier Squad
Selects 8 Rad Armored Car
8 Rad Armored Car
8 Rad Armored Car
Selects Mobile Repair Stations
8 Rad Armored Car
8 Rad Armored Car
Grenadier Squad
Selects Wespe Self-propelled Artillery
8 Rad Armored Car
8 Rad Armored Car
8 Rad Armored Car
Herr Blautier
TBoR
EPHX_Valkyrion
DeSack'O'Potatoes
SomethingLog
Ray Nienholds
0
0
Comments
sign in to comment!
No comments posted yet!